Map: Newkirk Precinct TE (Void)

Players

Loken - Winner!

  • Race: Protoss Protoss
  • League: Platinum
  • Spawn Location: 7:00

FrogMint

  • Race: Zerg Zerg
  • Spawn Location: 5:00

VOD

Have the link to the VOD?

Description

Time

  • Played on: March 17, 2017, 4:56 p.m.
  • Length: 12:26
Show
View Real Time Build Order
Export as new Build Order

Loken Protoss - Winner!

Build Orders: 1 Gate Expand 

Get SALT Encoding   

  12  0:01  Probe (Chrono Boost)  
  13  0:12  Probe (Chrono Boost)  
  14  0:23  Pylon  
  14  0:28  Probe (Chrono Boost)  
  15  0:42  Probe (Chrono Boost)  
  16  0:50  Gateway  
  16  0:58  Probe (Chrono Boost)  
  17  1:21  Nexus  
  17  1:22  Probe (Chrono Boost)  
  17  1:35  Probe (Chrono Boost)  
  17  1:38  Assimilator  
  18  1:45  Probe (Chrono Boost)  
  19  1:51  Cybernetics Core  
  19  1:54  Zealot  
  21  2:01  Pylon  
  21  2:05  Probe (Chrono Boost)  
  22  2:13  Assimilator  
  22  2:16  Probe (Chrono Boost)  
  23  2:26  Probe (Chrono Boost)  
  23  2:27  Gateway  
  24  2:34  Stalker  
  27  2:37  Probe (Chrono Boost)  
  27  2:47  Probe (Chrono Boost)  
  27  2:48  Warp Gate  
  27  2:50  Probe (Chrono Boost)  
  29  3:00  Probe (Chrono Boost)  
  29  3:02  Probe (Chrono Boost)  
  31  3:07  Stalker  
  34  3:13  Probe (Chrono Boost)  
  34  3:17  Assimilator  
  34  3:19  Probe (Chrono Boost)  
  35  3:21  Assimilator  
  35  3:27  Stalker  
  35  3:30  Probe (Chrono Boost)  
  38  3:34  Pylon  
  38  3:39  Probe (Chrono Boost)  
  40  3:41  Probe (Chrono Boost)  
  40  3:44  Pylon  
  40  3:50  Probe (Chrono Boost)  
  40  3:52  Probe (Chrono Boost)  
  42  3:55  Adept  
  42  3:58  Adept  
  42  4:02  Probe (Chrono Boost)  
  47  4:04  Probe (Chrono Boost)  
  48  4:13  Probe (Chrono Boost)  
  48  4:15  Probe (Chrono Boost)  
  50  4:23  Adept  
  52  4:25  Adept, Twilight Council, Probe (Chrono Boost)  
  55  4:31  Pylon  
  55  4:35  Probe (Chrono Boost)  
  55  4:36  Probe (Chrono Boost)  
  57  4:46  Probe (Chrono Boost)  
  57  4:47  Pylon  
  57  4:50  Gateway  
  58  4:53  Gateway  
  58  5:11  Adept x2  
  62  5:18  Charge  
  62  5:21  Gateway  
  62  5:23  Gateway  
  62  5:26  Probe (Chrono Boost)  
  62  5:27  Forge  
  63  5:38  Probe (Chrono Boost)  
  60  6:07  Protoss Ground Weapons Level 1  
  60  6:26  Stargate  
  60  6:29  Probe (Chrono Boost)  
  60  6:30  Stargate  
  60  6:32  Stalker x4  
  67  6:33  Stalker x2  
  73  6:40  Probe (Chrono Boost)  
  74  6:52  Blink  
  74  6:55  Pylon  
  74  6:56  Pylon  
  74  6:59  Pylon  
  74  7:01  Pylon  
  74  7:19  Void Ray x2  
  74  7:22  Stalker x2  
  84  7:23  Stalker x4  
  94  7:37  Photon Cannon  
  94  7:40  Photon Cannon  
  94  7:41  Photon Cannon  
  94  7:47  Photon Cannon  
  94  7:51  Photon Cannon  
  94  7:59  Photon Cannon  
  94  8:02  Void Ray x2  
  102  8:19  Zealot  
  104  8:20  Zealot x3  
  110  8:35  Pylon  
  110  8:36  Pylon  
  110  8:40  Pylon  
  110  8:47  Void Ray x2  
  110  8:53  Resonating Glaives  
  119  8:56  Protoss Ground Armor Level 1, Probe (Chrono Boost)  
  119  9:02  Sentry x2  
  121  9:03  Sentry x4  
  131  9:15  Nexus  
  131  9:32  Zealot  
  133  9:43  Pylon  
  133  9:45  Pylon  
  118  10:18  Void Ray  
  118  10:19  Void Ray  
  124  10:31  Zealot x3  
  124  10:32  Zealot x3  
  136  10:36  Nexus  
  136  10:54  Nexus  
  82  11:48  Zealot x4  
  82  11:49  Zealot x2  
Show
View Real Time Build Order
Export as new Build Order

FrogMint Zerg 

Build Orders: Hatch First 

Get SALT Encoding   

  12  0:01  Drone  
  13  0:14  Overlord  
  13  0:18  Drone  
  14  0:32  Drone  
  14  0:33  Drone  
  16  0:38  Drone  
  17  0:48  Drone  
  18  1:00  Hatchery  
  17  1:10  Drone  
  18  1:22  Spawning Pool  
  16  1:36  Extractor  
  16  1:37  Drone x3  
  18  1:48  Drone  
  19  2:03  Overlord  
  19  2:11  Drone  
  19  2:12  Queen  
  19  2:13  Queen  
  24  2:24  Zergling x2  
  24  2:29  Drone  
  26  2:30  Drone  
  26  2:33  Drone  
  28  2:46  Metabolic Boost  
  28  2:50  Drone  
  29  2:52  Queen  
  29  2:53  Drone  
  29  2:54  Drone  
  33  3:02  Drone x2  
  35  3:16  Overlord  
  34  3:24  Queen  
  36  3:34  Queen, Overlord  
  36  3:35  Overlord x2  
  36  3:38  Drone x4  
  42  3:54  Drone x2  
  44  3:59  Drone x4  
  44  4:00  Drone x3  
  51  4:14  Extractor  
  50  4:19  Roach Warren  
  50  4:21  Drone x4, Overlord  
  53  4:37  Drone x2  
  55  4:48  Lair  
  55  4:49  Hatchery  
  55  4:52  Extractor  
  53  4:53  Drone x4  
  53  4:54  Drone  
  58  5:02  Extractor, Overlord x2  
  58  5:04  Roach x2  
  61  5:20  Spore Crawler  
  60  5:25  Pneumatized Carapace  
  60  5:27  Roach x6  
  72  5:42  Roach x3  
  76  6:17  Queen x2  
  80  6:25  Drone x2  
  82  6:26  Roach x2  
  82  6:27  Roach x3  
  82  6:28  Glial Reconstitution  
  92  6:39  Drone  
  95  6:40  Drone x5  
  95  6:41  Overlord  
  95  6:42  Overlord  
  98  6:48  Hydralisk Den  
  98  6:50  Spore Crawler  
  98  6:53  Spore Crawler  
  95  6:59  Overseer, Overlord x3  
  95  7:05  Ravager x3  
  98  7:19  Overseer  
  98  7:32  Roach x4  
  98  7:33  Roach x2  
  110  7:43  Roach x2, Hydralisk  
  116  7:53  Roach, Hydralisk  
  116  7:54  Overlord x2  
  120  8:09  Hydralisk x2  
  120  8:10  Roach  
  126  8:18  Extractor  
  125  8:20  Extractor  
  125  8:21  Spore Crawler  
  125  8:26  Spore Crawler  
  122  8:27  Overlord x3, Spore Crawler  
  122  8:28  Spore Crawler  
  120  8:46  Queen  
  120  8:48  Queen  
  124  8:59  Ravager x4  
  124  9:00  Ravager  
  124  9:01  Zergling x26  
  142  9:22  Queen  
  142  9:24  Queen  
  144  9:28  Hatchery  
  144  9:31  Zergling x8, Hydralisk x4  
  146  9:32  Hydralisk  
  159  9:38  Hydralisk x3  
  159  9:39  Hydralisk  
  167  9:48  Hydralisk  
  167  9:49  Hydralisk  
  134  10:07  Hydralisk  
  134  10:08  Zergling x2  
  134  10:09  Zergling x18  
  122  10:23  Hydralisk x6  
  134  10:34  Hydralisk x2  
  138  10:55  Zergling x2  
  139  11:00  Drone  
  132  11:11  Zergling x18  
  94  11:12  Zergling x20  
  85  11:19  Zergling x2  
  75  11:26  Hydralisk x4  
  71  11:34  Hydralisk x4  
  71  11:38  Hydralisk x3  
  81  11:46  Hydralisk  
  67  11:47  Hydralisk x2  
  73  11:57  Hydralisk  
  73  11:58  Hydralisk x2  
Tags
 
Add a new tag
Caveats
  • Supply blocks, unpowered buildings, or Contaminate may cause inaccurate times.
  • Supply counts are checked every 10 seconds.